General information
- name: BNet
- type: Ladder team game (AT/RT)
- host: Battle.net
- saver: MsY]DOGANDHORSE
map: Monsoon
- players: 6
- length: 37:38
- speed: Fast
- version: 1.26 W3XP
- replay type:

» download(264 KB)
Players
team 1 (loser)
Black_medic (
green | 53 APM | 1580 actions | 29:34)
3 Blademaster
2 Wind Walk
1 Critical Strike
2 Shadow Hunter
1 Hex
1 Healing Wave
» actions
| Assign group hotkey | 57 | |
| Build / train | 62 | |
| Enter build submenu | 19 | |
| Enter hero's abilities submenu | 5 | |
| Give item / drop item | 2 | |
| Remove unit from queue | 2 | |
| Right click | 871 | |
| Select / deselect | 249 | |
| Select group hotkey | 235 | |
| Use ability | 78 | |
1580 total
» units
| Peon | 17 | |
| Grunt | 11 | |
| Spirit Walker | 6 | |
| Tauren | 4 | |
38 total
» upgrades
| Spirit Walker Training | 2 | |
| Melee Weapons | 3 | |
| Spiked Barricades | 1 | |
| Armor | 2 | |
8 total
» buildings
| Altar of Storms | 1 | |
| Orc Burrow | 7 | |
| Barracks | 1 | |
| Voodoo Lounge | 1 | |
| War Mill | 1 | |
| Stronghold | 1 | |
| Spirit Lodge | 1 | |
| Fortress | 1 | |
| Tauren Totem | 2 | |
| Great Hall | 1 | |
| Watch Tower | 4 | |
21 total
» build order
00:08 Altar of Storms
00:11 Orc Burrow
00:27 Barracks
01:30 Voodoo Lounge
01:54 Orc Burrow
02:50 War Mill
04:41 Stronghold
04:56 Orc Burrow
05:05 Orc Burrow
07:31 Spirit Lodge
07:49 Fortress
10:15 Tauren Totem
10:22 Tauren Totem
11:38 Great Hall
11:42 Orc Burrow
11:48 Watch Tower
13:36 Orc Burrow
13:43 Watch Tower
16:11 Orc Burrow
18:48 Watch Tower
20:08 Watch Tower
» items
| Healing Salve | 3 | |
| Boots of Speed | 1 | |
| Orb of Lightning | 1 | |
| Dust of Appearance | 1 | |
6 total
cakmak) (
purple | 53 APM | 1993 actions | 37:37)
4 Priestess of the Moon
2 Searing Arrows
2 Trueshot Aura
» actions
| Assign group hotkey | 90 | |
| Build / train | 111 | |
| ESC pressed | 3 | |
| Enter build submenu | 83 | |
| Enter hero's abilities submenu | 4 | |
| Give item / drop item | 2 | |
| Remove unit from queue | 1 | |
| Right click | 1020 | |
| Select / deselect | 354 | |
| Select group hotkey | 199 | |
| Use ability | 126 | |
1993 total
» units
| Wisp | 38 | |
| Huntress | 4 | |
| Hippogryph | 12 | |
| Chimaera | 15 | |
| Glaive Thrower | 2 | |
| Acolyte | 13 | |
84 total
» upgrades
| Corrosive Breath | 1 | |
| Strength of the Wild | 3 | |
| Reinforced Hides | 2 | |
6 total
» buildings
| Altar of Elders | 1 | |
| Moon Well | 34 | |
| Hunter's Hall | 1 | |
| Ancient of War | 1 | |
| Tree of Ages | 1 | |
| Tree of Life | 2 | |
| Tree of Eternity | 1 | |
| Ancient of Wind | 3 | |
| Chimaera Roost | 2 | |
| Ancient of Wonders | 1 | |
| Ancient of Lore | 2 | |
| War Mill | 14 | |
| Necropolis | 40 | |
103 total
» build order
00:04 Altar of Elders
00:18 Moon Well
01:23 Hunter's Hall
01:40 Ancient of War
02:33 Moon Well
03:15 Tree of Ages
05:15 Tree of Life
05:37 Tree of Eternity
06:12 Ancient of Wind
08:01 Chimaera Roost
08:19 Ancient of Wind
08:22 Chimaera Roost
08:26 Ancient of Wind
09:14 Moon Well
09:15 Moon Well
09:17 Moon Well
09:25 Moon Well
10:04 Ancient of Wonders
12:38 Moon Well
13:21 Moon Well
16:14 Moon Well
23:15 Tree of Life
27:12 Ancient of Lore
27:14 Ancient of Lore
29:10 Moon Well
29:11 Moon Well
29:13 Moon Well
29:14 Moon Well
29:15 Moon Well
29:18 Moon Well
29:26 Moon Well
29:27 Moon Well
29:29 Moon Well
29:31 Moon Well
29:32 Moon Well
29:42 Moon Well
29:42 Moon Well
29:44 Moon Well
29:46 Moon Well
29:56 Moon Well
29:57 Moon Well
29:59 Moon Well
30:00 Moon Well
30:02 Moon Well
30:04 Moon Well
30:07 Moon Well
30:11 War Mill
30:12 War Mill
30:13 War Mill
30:15 War Mill
30:16 War Mill
30:18 War Mill
30:19 War Mill
30:20 War Mill
30:21 War Mill
30:25 War Mill
30:28 War Mill
30:29 War Mill
30:31 War Mill
30:33 War Mill
30:46 Moon Well
30:47 Moon Well
30:48 Moon Well
31:16 Necropolis
31:17 Necropolis
31:20 Necropolis
31:24 Necropolis
31:25 Necropolis
31:26 Necropolis
31:28 Necropolis
31:29 Necropolis
31:30 Necropolis
31:31 Necropolis
31:31 Necropolis
31:32 Necropolis
31:36 Necropolis
31:39 Necropolis
31:41 Necropolis
31:42 Necropolis
31:44 Necropolis
31:45 Necropolis
31:46 Necropolis
31:47 Necropolis
31:49 Necropolis
31:50 Necropolis
34:38 Necropolis
34:39 Necropolis
34:43 Necropolis
34:44 Necropolis
34:52 Necropolis
34:53 Necropolis
34:54 Necropolis
34:57 Necropolis
35:02 Necropolis
35:08 Necropolis
35:10 Necropolis
35:11 Necropolis
35:12 Necropolis
35:13 Necropolis
35:29 Necropolis
35:33 Necropolis
35:34 Necropolis
35:36 Necropolis
» items
| Potion of Lesser Invulnerability | 1 | |
| Scroll of Town Portal | 2 | |
| Scroll of Protection | 1 | |
| Dust of Appearance | 2 | |
6 total
Hairyasian (
orange | 85 APM | 2405 actions | 28:12)
3 Death Knight
2 Death Coil
1 Unholy Aura
3 Lich
2 Frost Nova
1 Frost Armor
2 Crypt Lord
1 Impale
1 Spiked Carapace
» actions
| Assign group hotkey | 83 | |
| Build / train | 101 | |
| Enter build submenu | 23 | |
| Enter hero's abilities submenu | 8 | |
| Remove unit from queue | 1 | |
| Right click | 1336 | |
| Select / deselect | 311 | |
| Select group hotkey | 435 | |
| Use ability | 107 | |
2405 total
» units
| Acolyte | 12 | |
| Ghoul | 4 | |
| Crypt Fiend | 10 | |
| Frost Wyrm | 19 | |
45 total
» upgrades
| Burrow | 1 | |
| Web | 1 | |
| Freezing Breath | 1 | |
| Creature Attack | 3 | |
6 total
» buildings
| Crypt | 1 | |
| Graveyard | 1 | |
| Altar of Darkness | 1 | |
| Ziggurat | 9 | |
| Tomb of Relics | 1 | |
| Nerubian Tower | 4 | |
| Halls of the Dead | 4 | |
| Sacrificial Pit | 2 | |
| Black Citadel | 3 | |
| Boneyard | 2 | |
28 total
» build order
00:10 Crypt
00:21 Graveyard
00:35 Altar of Darkness
00:51 Ziggurat
01:03 Tomb of Relics
01:23 Ziggurat
02:55 Nerubian Tower
02:56 Nerubian Tower
04:07 Halls of the Dead
04:07 Halls of the Dead
04:07 Halls of the Dead
05:17 Ziggurat
05:39 Ziggurat
07:26 Sacrificial Pit
07:59 Black Citadel
07:59 Black Citadel
07:59 Black Citadel
08:35 Ziggurat
08:46 Sacrificial Pit
10:34 Boneyard
10:43 Boneyard
12:56 Ziggurat
14:48 Ziggurat
18:11 Ziggurat
18:12 Ziggurat
25:11 Nerubian Tower
» items
| Rod of Necromancy | 2 | |
| Dust of Appearance | 1 | |
| Boots of Speed | 1 | |
| Potion of Lesser Invulnerability | 3 | |
| Scroll of Healing | 2 | |
9 total
team 2 (winner)
AngryAtTyler (
pink | 116 APM | 4350 actions | 37:37)
6 Blademaster
2 Wind Walk
3 Critical Strike
1 Bladestorm
5 Shadow Hunter
3 Hex
2 Healing Wave
» actions
| Assign group hotkey | 21 | |
| Basic commands | 74 | |
| Build / train | 88 | |
| ESC pressed | 4 | |
| Enter build submenu | 78 | |
| Enter hero's abilities submenu | 11 | |
| Give item / drop item | 13 | |
| Right click | 2327 | |
| Select / deselect | 303 | |
| Select group hotkey | 1123 | |
| Use ability | 308 | |
4350 total
» units
» upgrades
| Reinforced Defenses | 1 | |
| Ranged Weapons | 3 | |
| Liquid Fire | 1 | |
| Spiked Barricades | 1 | |
| Armor | 1 | |
7 total
» buildings
| Orc Burrow | 3 | |
| Altar of Storms | 1 | |
| War Mill | 2 | |
| Watch Tower | 62 | |
| Voodoo Lounge | 5 | |
| Stronghold | 1 | |
| Beastiary | 4 | |
| Fortress | 1 | |
| Great Hall | 1 | |
80 total
» build order
00:14 Orc Burrow
00:16 Altar of Storms
00:31 War Mill
01:44 Watch Tower
02:24 Watch Tower
02:27 Voodoo Lounge
02:55 Watch Tower
03:19 Stronghold
03:30 Voodoo Lounge
03:36 Voodoo Lounge
03:45 Voodoo Lounge
03:57 Watch Tower
04:41 Watch Tower
04:43 Watch Tower
04:52 Watch Tower
04:53 Watch Tower
04:58 Voodoo Lounge
05:13 Watch Tower
05:53 Beastiary
05:54 Fortress
06:26 Orc Burrow
06:30 Beastiary
06:35 Watch Tower
07:10 Orc Burrow
07:31 Watch Tower
08:12 Great Hall
09:10 Watch Tower
10:17 Watch Tower
11:24 Watch Tower
12:38 Watch Tower
12:53 Watch Tower
13:49 Watch Tower
14:14 Watch Tower
14:30 Watch Tower
14:30 Watch Tower
14:31 Watch Tower
14:32 Watch Tower
14:35 Watch Tower
14:37 Watch Tower
14:37 Watch Tower
14:38 Watch Tower
14:39 Watch Tower
14:53 Watch Tower
14:54 Watch Tower
14:54 Watch Tower
14:55 Watch Tower
15:01 Watch Tower
15:18 Watch Tower
16:07 Watch Tower
16:23 Watch Tower
16:50 Watch Tower
16:51 Watch Tower
18:10 War Mill
18:49 Watch Tower
19:17 Watch Tower
20:03 Watch Tower
20:27 Watch Tower
21:56 Watch Tower
22:25 Watch Tower
23:29 Watch Tower
23:56 Beastiary
23:57 Beastiary
25:26 Watch Tower
25:52 Watch Tower
26:33 Watch Tower
26:34 Watch Tower
27:49 Watch Tower
28:23 Watch Tower
35:36 Watch Tower
35:37 Watch Tower
36:05 Watch Tower
36:05 Watch Tower
36:05 Watch Tower
36:08 Watch Tower
36:09 Watch Tower
37:03 Watch Tower
37:05 Watch Tower
37:12 Watch Tower
37:15 Watch Tower
37:19 Watch Tower
» items
| Staff of Teleportation | 2 | |
| Boots of Speed | 2 | |
| Healing Salve | 5 | |
| Lesser Clarity Potion | 5 | |
| Orb of Lightning | 2 | |
| Staff of Sanctuary | 1 | |
17 total
Birdeneering (
yellow | 116 APM | 4370 actions | 37:37)
6 Archmage
3 Blizzard
3 Brilliance Aura
4 Blood Mage
2 Flame Strike
2 Siphon Mana
5 Pit Lord
3 Rain of Fire
2 Cleaving Attack
» actions
| Assign group hotkey | 488 | |
| Basic commands | 17 | |
| Build / train | 117 | |
| Enter build submenu | 106 | |
| Enter hero's abilities submenu | 15 | |
| Give item / drop item | 3 | |
| Right click | 1816 | |
| Select / deselect | 379 | |
| Select group hotkey | 1103 | |
| Use ability | 324 | |
4370 total
» units
» upgrades
| Masonry | 3 | |
| Lumber Harvesting | 2 | |
| Magic Sentry | 1 | |
6 total
» buildings
| Altar of Kings | 1 | |
| Lumber Mill | 1 | |
| Farm | 4 | |
| Scout Tower | 156 | |
| Arcane Tower | 6 | |
| Guard Tower | 46 | |
| Keep | 1 | |
| Arcane Sanctum | 1 | |
| Castle | 1 | |
| Arcane Vault | 4 | |
| Town Hall | 1 | |
222 total
» build order
00:04 Altar of Kings
00:18 Lumber Mill
00:33 Farm
00:46 Farm
01:24 Scout Tower
01:33 Farm
01:45 Scout Tower
01:51 Scout Tower
02:07 Scout Tower
02:19 Arcane Tower
02:20 Guard Tower
02:21 Scout Tower
02:23 Arcane Tower
02:29 Scout Tower
02:40 Scout Tower
03:12 Scout Tower
03:12 Guard Tower
03:12 Guard Tower
03:16 Guard Tower
03:17 Guard Tower
03:17 Guard Tower
03:20 Scout Tower
03:39 Guard Tower
03:40 Guard Tower
03:42 Scout Tower
03:51 Scout Tower
04:12 Scout Tower
04:15 Guard Tower
04:19 Arcane Tower
04:40 Guard Tower
04:44 Scout Tower
04:44 Scout Tower
05:03 Keep
05:53 Guard Tower
05:56 Scout Tower
05:58 Guard Tower
06:01 Scout Tower
06:02 Scout Tower
07:10 Guard Tower
07:11 Scout Tower
07:15 Farm
07:26 Arcane Sanctum
07:27 Castle
08:26 Scout Tower
08:27 Guard Tower
08:29 Scout Tower
08:31 Scout Tower
08:31 Scout Tower
08:55 Guard Tower
08:57 Scout Tower
08:58 Scout Tower
09:00 Scout Tower
09:00 Scout Tower
09:28 Guard Tower
09:30 Scout Tower
09:33 Scout Tower
09:35 Scout Tower
09:36 Scout Tower
09:38 Scout Tower
09:38 Scout Tower
09:48 Arcane Vault
09:53 Town Hall
11:06 Guard Tower
11:08 Scout Tower
11:09 Scout Tower
11:16 Guard Tower
12:25 Guard Tower
12:26 Scout Tower
12:27 Scout Tower
12:53 Guard Tower
12:54 Scout Tower
12:55 Scout Tower
13:02 Arcane Vault
13:08 Scout Tower
13:08 Scout Tower
13:28 Guard Tower
13:31 Scout Tower
13:32 Scout Tower
13:35 Scout Tower
13:36 Scout Tower
13:46 Guard Tower
14:07 Guard Tower
14:10 Scout Tower
14:10 Scout Tower
14:15 Scout Tower
14:15 Scout Tower
14:16 Scout Tower
14:18 Guard Tower
14:21 Scout Tower
14:22 Scout Tower
14:23 Scout Tower
14:31 Guard Tower
14:34 Scout Tower
14:35 Scout Tower
14:37 Guard Tower
15:13 Guard Tower
15:16 Scout Tower
15:17 Scout Tower
15:31 Guard Tower
15:35 Guard Tower
15:38 Arcane Vault
15:40 Guard Tower
15:41 Scout Tower
15:43 Scout Tower
15:43 Scout Tower
15:46 Guard Tower
15:48 Scout Tower
15:49 Scout Tower
16:08 Guard Tower
16:12 Guard Tower
16:14 Guard Tower
16:16 Scout Tower
16:20 Scout Tower
16:21 Scout Tower
16:42 Guard Tower
16:46 Scout Tower
17:11 Guard Tower
17:17 Guard Tower
17:41 Scout Tower
17:42 Scout Tower
18:19 Guard Tower
18:23 Guard Tower
18:26 Scout Tower
18:27 Scout Tower
18:29 Scout Tower
18:29 Scout Tower
18:31 Scout Tower
18:32 Scout Tower
18:32 Scout Tower
18:33 Scout Tower
18:33 Scout Tower
19:11 Guard Tower
19:14 Scout Tower
19:15 Scout Tower
19:48 Scout Tower
19:49 Scout Tower
19:55 Scout Tower
19:57 Arcane Vault
20:00 Guard Tower
20:20 Guard Tower
20:22 Scout Tower
20:41 Scout Tower
20:42 Scout Tower
20:43 Scout Tower
20:44 Scout Tower
20:52 Guard Tower
21:05 Guard Tower
22:11 Guard Tower
22:58 Arcane Tower
22:59 Arcane Tower
23:00 Arcane Tower
34:32 Scout Tower
34:34 Scout Tower
34:36 Scout Tower
34:37 Scout Tower
34:37 Scout Tower
34:38 Scout Tower
34:39 Scout Tower
34:40 Scout Tower
34:41 Scout Tower
34:43 Scout Tower
34:47 Scout Tower
34:48 Scout Tower
34:50 Scout Tower
34:52 Scout Tower
34:52 Scout Tower
34:53 Scout Tower
34:54 Scout Tower
34:57 Scout Tower
34:58 Scout Tower
34:59 Scout Tower
35:00 Scout Tower
35:02 Scout Tower
35:14 Scout Tower
35:15 Scout Tower
35:17 Scout Tower
35:18 Scout Tower
35:19 Scout Tower
35:21 Scout Tower
35:23 Scout Tower
35:25 Scout Tower
35:26 Scout Tower
35:27 Scout Tower
35:29 Scout Tower
35:30 Scout Tower
35:31 Scout Tower
35:32 Scout Tower
35:33 Scout Tower
35:35 Scout Tower
35:39 Scout Tower
35:41 Scout Tower
35:44 Scout Tower
36:01 Scout Tower
36:02 Scout Tower
36:04 Scout Tower
36:05 Scout Tower
36:11 Scout Tower
36:13 Scout Tower
36:16 Scout Tower
36:37 Scout Tower
36:39 Scout Tower
36:40 Scout Tower
36:42 Scout Tower
36:42 Scout Tower
36:44 Scout Tower
36:45 Scout Tower
36:46 Scout Tower
36:50 Scout Tower
36:54 Scout Tower
36:55 Scout Tower
37:06 Scout Tower
37:10 Scout Tower
37:13 Scout Tower
37:15 Scout Tower
37:17 Scout Tower
37:20 Scout Tower
37:21 Scout Tower
37:23 Scout Tower
37:26 Scout Tower
37:30 Scout Tower
37:34 Scout Tower
» items
| Boots of Speed | 3 | |
| Staff of Teleportation | 3 | |
| Healing Salve | 2 | |
| Scroll of Regeneration | 1 | |
| Staff of Sanctuary | 3 | |
| Orb of Lightning | 3 | |
15 total
MsY]DOGANDHORSE (
teal | 98 APM | 3680 actions | 37:38)
5 Demon Hunter
3 Mana Burn
2 Evasion
4 Pandaren Brewmaster
2 Breath of Fire
2 Drunken Haze
» actions
| Assign group hotkey | 19 | |
| Basic commands | 49 | |
| Build / train | 77 | |
| Enter build submenu | 26 | |
| Enter hero's abilities submenu | 9 | |
| Give item / drop item | 8 | |
| Remove unit from queue | 2 | |
| Right click | 2436 | |
| Select / deselect | 407 | |
| Select group hotkey | 485 | |
| Use ability | 161 | |
3680 total
» units
| Wisp | 17 | |
| Hippogryph | 11 | |
| Chimaera | 6 | |
34 total
» upgrades
| Ultravision | 1 | |
| Nature's Blessing | 1 | |
| Well Spring | 1 | |
| Strength of the Wild | 3 | |
| Reinforced Hides | 3 | |
| Corrosive Breath | 1 | |
10 total
» buildings
| Altar of Elders | 1 | |
| Moon Well | 15 | |
| Tree of Ages | 1 | |
| Hunter's Hall | 1 | |
| Tree of Eternity | 1 | |
| Ancient of Wonders | 1 | |
| Tree of Life | 1 | |
| Ancient of Wind | 2 | |
| Chimaera Roost | 4 | |
27 total
» build order
00:14 Altar of Elders
00:19 Moon Well
02:35 Moon Well
03:20 Tree of Ages
03:42 Moon Well
04:24 Hunter's Hall
04:39 Moon Well
07:38 Tree of Eternity
09:46 Ancient of Wonders
12:14 Tree of Life
13:46 Moon Well
13:47 Moon Well
13:49 Moon Well
13:51 Moon Well
13:52 Moon Well
14:42 Moon Well
14:43 Moon Well
14:44 Moon Well
16:18 Ancient of Wind
16:38 Moon Well
16:40 Moon Well
19:25 Ancient of Wind
28:21 Moon Well
33:09 Chimaera Roost
33:09 Chimaera Roost
33:09 Chimaera Roost
33:10 Chimaera Roost
» items
| Boots of Speed | 2 | |
| Staff of Teleportation | 2 | |
| Healing Salve | 2 | |
| Lesser Clarity Potion | 4 | |
| Orb of Lightning | 1 | |
| Orb of Venom | 1 | |
| Staff of Preservation | 1 | |
| Staff of Sanctuary | 1 | |
14 total
Chat log
(03:08 / All) cakmak): ^^
(03:14 / All) Birdeneering: what??
(05:01 / All) MsY]DOGANDHORSE: good blocks
(11:17 / All) MsY]DOGANDHORSE: KIKL
(11:18 / All) MsY]DOGANDHORSE: LOL
(11:18 / All) MsY]DOGANDHORSE: LOL
(11:20 / All) MsY]DOGANDHORSE: LOL
(11:20 / All) MsY]DOGANDHORSE: LOL
(11:50 / All) MsY]DOGANDHORSE: lol
(12:03 / All) MsY]DOGANDHORSE: lmao
(13:27 / All) MsY]DOGANDHORSE: heheheheh
(14:56 / All) cakmak): lmao
(15:01 / All) Black_medic: stirb du bastard
(15:05 / All) MsY]DOGANDHORSE: hahahaha
(16:51 / All) MsY]DOGANDHORSE: lol!!!!!
(18:39 / All) Hairyasian: faggots
(18:53 / All) MsY]DOGANDHORSE: lol!
(18:59 / All) Birdeneering: u bad??
(19:07 / All) MsY]DOGANDHORSE: u love potions
(19:11 / All) MsY]DOGANDHORSE: i love u
(21:46 / All) Hairyasian: maphack fuckers
(21:55 / All) MsY]DOGANDHORSE: lol
(22:01 / All) MsY]DOGANDHORSE: what makes you think
(22:06 / All) Birdeneering: don't fly wyrms into my base if you don't want us to see them :(
(22:07 / All) MsY]DOGANDHORSE: is it because we're better than you??
(22:17 / All) cakmak): better :D
(22:25 / All) cakmak): 10k tower
(22:28 / All) Birdeneering: remember when we beat u in a 3v3 on monsson
(22:31 / All) cakmak): noobstyle ²²²²²²
(22:38 / All) MsY]DOGANDHORSE: can you kill them?
(22:43 / All) MsY]DOGANDHORSE: try to kill all the towers
(22:45 / All) MsY]DOGANDHORSE: see if you can!
(22:56 / All) Black_medic: suck my dick
(23:01 / All) MsY]DOGANDHORSE: yummmm
(23:02 / All) Black_medic: see if u can
(23:04 / All) Birdeneering: towers are pretty easy to kill
(23:06 / All) Birdeneering: they don't move
(23:09 / All) Birdeneering: have limited range
(23:15 / All) MsY]DOGANDHORSE: don't run inside them and you won't need invuln pot, lol
(24:37 / All) Birdeneering: woww
(24:52 / All) Birdeneering: your tauren
(24:57 / All) Birdeneering: don't run into tower
(25:00 / All) Birdeneering: and it won't die
(25:00 / All) Birdeneering: Ok?
(25:02 / All) Birdeneering: you understand?
(25:11 / All) Birdeneering: hello????
(25:46 / All) Birdeneering: wyrm
(25:48 / All) Birdeneering: don't run into tower orange
(25:51 / All) Birdeneering: they kill you
(27:26 / All) Birdeneering: orange
(27:27 / All) Birdeneering: bad idea
(27:29 / All) Birdeneering: you killed nothing
(27:30 / All) MsY]DOGANDHORSE: quit
(27:32 / All) MsY]DOGANDHORSE: quit the game now
(27:43 / All) Birdeneering: you didn't kill my blood mage
(27:43 / All) MsY]DOGANDHORSE: LOL
(27:45 / All) MsY]DOGANDHORSE: THIS CHIMAERA
(27:47 / All) Birdeneering: guys
(27:48 / All) MsY]DOGANDHORSE: thanks
(27:48 / All) Birdeneering: sorry
(27:51 / Allies) Birdeneering: are you newbies?
(27:54 / All) MsY]DOGANDHORSE: LOL!
(27:56 / All) MsY]DOGANDHORSE: this wyrm
(27:59 / All) Birdeneering: are you newbies?
(28:02 / All) MsY]DOGANDHORSE: do you hate winning or what
(28:05 / All) Birdeneering: we won't be so mean
(28:08 / All) Birdeneering: If you're new to the game
(28:23 / All) Birdeneering: beginner players :///
(28:24 / All) MsY]DOGANDHORSE: what the fuck
(28:26 / All) Birdeneering: play better next time
(29:10 / All) Birdeneering: green
(29:12 / All) Birdeneering: tp
(29:21 / All) Birdeneering: no get out of there!!
(30:49 / All) Birdeneering: cakmak
(30:53 / All) Birdeneering: you want to talk?
(30:58 / All) MsY]DOGANDHORSE: angry about loss?
(31:02 / All) MsY]DOGANDHORSE: did you ever kill a tower i forget
(31:14 / All) Birdeneering: maybe you thought you were going to win this game in the beginning
(31:17 / All) Birdeneering: but it didn't work out that way
(31:25 / All) Birdeneering: is this the truth??
(32:03 / All) MsY]DOGANDHORSE: you want to play a fun minigame, ok, sounds cool
(33:31 / All) MsY]DOGANDHORSE: you enjoy long silent losing time
(33:36 / All) MsY]DOGANDHORSE: intereste